 Dungeon Crawl Stone Soup version 0.20.1-1-g8b1a95d (webtiles) character file.

110 angelAurora the Firebug (level 4, -3/33 HPs)
             Began as a Draconian Fire Elementalist on Oct 25, 2017.
             Killed by divine providence
             ... invoked by an orc priest
              (8 damage)
             ... on level 4 of the Dungeon.
             The game lasted 00:23:25 (3985 turns).

angelAurora the Firebug (DrFE)                      Turns: 3985, Time: 00:23:26

Health: -3/33      AC:  6    Str: 11    XL:     4   Next: 61%
Magic:  1/7        EV: 12    Int: 16    God:
Gold:   100        SH:  0    Dex: 11    Spells: 2/8 levels left

rFire    . . .     SeeInvis .   n - -1 spear (curse)
rCold    . . .     Gourm    .   (no shield)
rNeg     . . .     Faith    .   (armour unavailable)
rPois    .         Spirit   .   (helmet restricted)
rElec    .         Reflect  .   (no cloak)
rCorr    .         Harm     .   (no gloves)
MR       .....                  q - +0 pair of boots
Stlth    ++........             j - amulet of inaccuracy (curse)
Regen    0.2/turn               (no ring)
MPRegen  0.1/turn               (no ring)

@: no status effects
A: unfitting armour, cold-blooded, AC +5
a: no special abilities


You were on level 4 of the Dungeon.
You were not hungry.

You visited 1 branch of the dungeon, and saw 4 of its levels.

You collected 100 gold pieces.

Inventory:

Hand Weapons
 e - a +0 short sword
 k - a +0 spear
 l - a +0 mace
 m - a +0 whip
 n - a cursed -1 spear (weapon)
 o - a +0 spear
 t - a +0 falchion
Armour
 q - a +0 pair of boots (worn)
Jewellery
 j - a cursed amulet of inaccuracy (around neck)
Scrolls
 s - a scroll of immolation
 v - 3 scrolls of amnesia
 x - a scroll of fear
Potions
 c - a potion of haste {unknown}
 d - a potion of might {unknown}
 g - 3 potions of curing
 h - a potion of agility
 i - a potion of invisibility {unknown}
 r - 3 potions of mutation {unknown}
 w - a potion of lignification {unknown}
Books
 a - a book of Flames

   Spells                             Type                      Level
   a - Flame Tongue                   Conjuration/Fire             1
   b - Throw Flame                    Conjuration/Fire             2
   c - Conjure Flame                  Conjuration/Fire             3
   d - Inner Flame                    Hexes/Fire                   3
   e - Sticky Flame                   Conjuration/Fire             4
   f - Fireball                       Conjuration/Fire             5
 u - a book of Conjurations

   Spells                             Type                      Level
   a - Magic Dart                     Conjuration                  1
   b - Searing Ray                    Conjuration                  2
   c - Dazzling Spray                 Conjuration/Hexes            3
   d - Fulminant Prism                Conjuration/Hexes            4
   e - Force Lance                    Conjuration/Translocation    4
   f - Iskenderun's Mystic Blast      Conjuration                  4
Comestibles
 b - 4 bread rations
 f - 3 royal jellies
 p - a meat ration
 z - a chunk of flesh


   Skills:
 + Level 0.2 Fighting
 + Level 1.4 Short Blades
 + Level 0.4 Polearms
 + Level 2.5 Dodging
 + Level 2.3 Stealth
 + Level 2.5 Spellcasting
 + Level 1.5 Conjurations
 + Level 3.5 Fire Magic


You had 2 spell levels left.
You knew the following spells:

 Your Spells              Type           Power        Failure   Level  Hunger
a - Flame Tongue          Conj/Fire      ##...        7%          1    #......
b - Conjure Flame         Conj/Fire      ##......     21%         3    ###....
c - Searing Ray           Conj           #.....       16%         2    ##.....


Dungeon Overview and Level Annotations

Branches:
Dungeon (4/15)             Temple (0/1) D:4

Altars:
Ashenzari
Fedhas
Kikubaaqudgha
Makhleb
Okawaru


Innate Abilities, Weirdness & Mutations

Your plain brown scales are hard. (AC +5)
You cannot fit into any form of body armour.
You are cold-blooded and may be slowed by cold attacks.


Message History

The orc wizard blinks!
The orc shouts!
You hit the orc priest.
The orc priest is severely wounded.
The orc priest misses you.
You miss the orc priest.
The orc priest is severely wounded.
The orc priest hits you with a hand axe!
Some of the chunks of flesh in your inventory have rotted away.
You barely miss the orc priest.
The orc priest is severely wounded.
The orc wizard hits you with a dagger.
The orc priest hits you with a hand axe.
* * * LOW HITPOINT WARNING * * *
The orc wizard hits you with a dagger.
* * * LOW HITPOINT WARNING * * *
The orc priest closely misses you.
The orc priest invokes the aid of Beogh against you.
Beogh smites you!
You die...

#...#.>. #
#....#.#. #.
..#...#.#
#.###$#....#.
...#.#....
###.#.#...
........#
#.####o#.<#
#...o)o.@.#
#.######.........
########..


You could see an orc priest, an orc wizard and an orc.

Vanquished Creatures
  3 gnolls (D:2)
  An adder (D:2)
  A worm (D:2)
  3 dart slugs
  A leopard gecko (D:2)
  5 orcs
  2 ball pythons
  3 goblins
  7 hobgoblins
  4 jackals (D:3)
  10 kobolds
  A quokka (D:2)
  4 bats (D:1)
  3 frilled lizards
  6 rats
  A plant (D:1)
55 creatures vanquished.

Notes
Turn   | Place    | Note
-------+----------+-------------------------------------------
     0 | D:1      | angelAurora the Draconian Fire Elementalist began the quest for the Orb.
     0 | D:1      | Reached XP level 1. HP: 14/14 MP: 3/3
   266 | D:1      | Reached XP level 2. HP: 5/20 MP: 0/5
  1317 | D:2      | Found a shattered altar of Ashenzari.
  1370 | D:2      | Reached XP level 3. HP: 19/26 MP: 6/6
  1488 | D:2      | Found a burning altar of Makhleb.
  1555 | D:2      | Found a blossoming altar of Fedhas.
  1556 | D:2      | Found an ancient bone altar of Kikubaaqudgha.
  1635 | D:3      | Reached skill level 1 in Short Blades
  1944 | D:2      | Reached XP level 4. HP: 16/33 MP: 3/7
  2125 | D:2      | Learned a level 3 spell: Conjure Flame
  2552 | D:2      | Found an iron altar of Okawaru.
  2942 | D:3      | Learned a level 2 spell: Searing Ray
  3966 | D:4      | Found a staircase to the Ecumenical Temple.
  3985 | D:4      | Killed from afar by an orc priest

Skill      XL: |  1  2  3 |
---------------+----------+-----
Stealth        | 2 |  2.3
Short Blades   | 1 |  1.4
Dodging        | 2 |  2.5
Fighting       | |  0.2
Polearms       | |  0.4
Spellcasting   | |  2.5
Conjurations   | |  1.5
Fire Magic     | |  3.5

Action                   |  1- 3 |  4- 6 || total
-------------------------+-------+-------++-------
Melee: Unarmed           |   136 |       ||   136
       Tailslap          |    33 |     7 ||    40
       Short sword       |    62 |       ||    62
       Spear             |       |   126 ||   126
 Cast: Flame Tongue      |    34 |    13 ||    47
       Searing Ray       |       |     4 ||     4
  Use: Potion            |     1 |       ||     1
       Scroll            |     3 |     6 ||     9
 Stab: Sleeping          |     1 |     1 ||     2
  Eat: Chunk             |     4 |     3 ||     7
       Bread ration      |       |     1 ||     1
Armor: Skin              |    33 |    54 ||    87
Dodge: Dodged            |    91 |   108 ||   199
